 Dungeon Crawl Stone Soup version 0.31.0-9-g3a7656b989 (webtiles) character file.

Game seed: 4902788479738217728

597 qw the Shooter (level 7, 0/35 HPs)
             Began as a Spriggan Hunter on Feb 2, 2024.
             Killed by divine providence
             ... invoked by an orc priest
              (10 damage)
             ... on level 5 of the Dungeon.
             The game lasted 00:00:11 (3147 turns).

qw the Shooter (Spriggan Hunter)                    Turns: 3147, Time: 00:00:11

Health: 0/35       AC:  5    Str:  7    XL:     7   Next: 17%
Magic:  8/8        EV: 22    Int: 11    God:
Gold:   225        SH:  0    Dex: 20    Spells: 6/6 levels left

rFire   . . .        a - +0 shortbow
rCold   . . .        (shield currently unavailable)
rNeg    . . .        c - +0 robe
rPois   .            (helmet restricted)
rElec   .            i - +2 cloak
rCorr   .            (gloves unavailable)
SInv    +            (boots unavailable)
Will    +....        (no amulet)
Stlth   ++           (no ring)
HPRegen 0.25/turn    (no ring)
MPRegen 0.11/turn

%: no passive effects
@: very quick
A: very small, no large weapons, unfitting armour, see invisible, speed 3
a: no special abilities


You were on level 5 of the Dungeon.
You visited 1 branch of the dungeon, and saw 5 of its levels.

You collected 225 gold pieces.


Innate Abilities, Weirdness & Mutations

You are very small and have problems with some larger weapons.
You are too small for most types of armour.
You have supernaturally acute eyesight. (SInv)
You cover ground extremely quickly. (Speed+++)


   Skills:
 - Level 2.1 Fighting
 - Level 7.1 Ranged Weapons
 + Level 6.7 Dodging
 - Level 1.5 Stealth


You had 6 spell levels left.
You didn't know any spells.
Your spell library was empty.

Inventory:

Hand Weapons
 a - a +0 shortbow (weapon)
Armour
 c - a +0 robe (worn)
 i - a +2 cloak (worn)
Wands
 l - a wand of polymorph (6)
Scrolls
 b - a scroll of poison {unknown}
 e - a scroll of teleportation
Potions
 d - a potion of resistance
 f - 2 potions of curing
 h - a potion of magic {unknown}
 j - a potion of might {unknown}
 k - a potion of attraction {unknown}
 m - a potion of degeneration {unknown}
 n - 3 potions of enlightenment {unknown}

Dungeon Overview and Level Annotations

Branches:
Dungeon (5/15)             Temple (0/1) D:5

Altars:
Dithmenos
Elyvilon
Fedhas
Gozag
Hepliaklqana
Sif Muna
Uskayaw
Wu Jian
Zin
The Shining One


Message History

The phantom barely misses you.
You shoot an arrow. The arrow closely misses the phantom.
The phantom closely misses you.
You shoot an arrow. The arrow hits the phantom.
The phantom is severely damaged.
The phantom closely misses you.
You shoot an arrow. The arrow hits the phantom!
You destroy the phantom!
Found a stone staircase leading down.
You now have 225 gold pieces (gained 14).
An orc wizard, an orc priest and 2 orcs come into view.
You shoot an arrow. The arrow hits the orc!
You kill the orc!
You hear the brisk rusting of a very distant drain.
The orc wizard shouts!
The orc shouts!
The orc priest invokes the aid of Beogh against you.
Beogh smites you!
You shoot an arrow. The arrow barely misses the orc.
The arrow hits the orc priest.
The orc priest is moderately wounded.
An orc comes into view. It is wielding a +0 flail.
You shoot an arrow. The orc shouts!
The arrow hits the orc.
The orc is almost dead.
You shoot an arrow. The arrow hits the orc.
You kill the orc!
The orc priest mumbles some strange prayers to Beogh against you.
Beogh smites you!
You shoot an arrow. The arrow hits the orc priest!
The orc priest is almost dead.
You shoot an arrow. The arrow hits the orc wizard.
The orc wizard is moderately wounded.
The orc wizard barely misses you.
You shoot an arrow.
The arrow hits the orc priest but does no damage.
The orc priest is almost dead.
The orc priest invokes the aid of Beogh against you.
Beogh smites you!
You die...

#.# #. #.#
##.# #.# ...
#.# #.. #.#
#.. #.# #.o
#.#
#.o########.#
#.o@........#
#.###########
.. ##


You could see an orc priest, an orc wizard and an orc.

Vanquished Creatures
  A water moccasin (D:5)
  A phantom (D:5)
  A scorpion (D:4)
  3 hounds
  4 iguanas
  An orc wizard (D:4)
  3 gnolls (D:4)
  3 adders
  A white imp (D:5)
  4 dart slugs
  A ribbon worm (D:2)
  4 orcs
  2 bats (D:1)
  7 endoplasms
  2 giant cockroaches
  4 goblins
  11 hobgoblins
  5 jackals (D:1)
  7 kobolds
  A quokka (D:3)
  6 ball pythons
  2 frilled lizards
  4 rats
78 creatures vanquished.

Notes
Turn   | Place    | Note
-------+----------+-------------------------------------------
     0 | D:1      | qw the Spriggan Hunter began the quest for the Orb.
     0 | D:1      | Reached XP level 1. HP: 10/10 MP: 2/2
     0 | D:1      | 0 ||| qw: Version: 0.3-a-155-g5e7d8dd
     0 | D:1      | 0 ||| qw: Game counter: 1756
     0 | D:1      | 0 ||| qw: Melee chars always use a shield: true
     0 | D:1      | 0 ||| qw: God list: Okawaru
     0 | D:1      | 0 ||| qw: Allow faded altars: false
     0 | D:1      | 0 ||| qw: Do Orc after clearing Dungeon:15 true
     0 | D:1      | 0 ||| qw: Do second Lair branch before Depths: true
     0 | D:1      | 0 ||| qw: Lair rune preference: random
     0 | D:1      | 0 ||| qw: Goals: Normal
     0 | D:1      | 0 ||| PLANNING D:1-11
   104 | D:1      | Reached skill level 3 in Dodging
   256 | D:1      | Reached XP level 2. HP: 14/14 MP: 3/3
   694 | D:1      | Reached XP level 3. HP: 18/18 MP: 4/4
   919 | D:1      | 919 ||| READING 2 scrolls labelled VIPROT FOSASI.
   919 | D:1      | 919 ||| IDENTIFYING fizzy coppery potion
   920 | D:1      | 920 ||| READING scroll of identify.
   920 | D:1      | 920 ||| IDENTIFYING scroll labelled RIT NEOHUAL MEMNAT
   921 | D:1      | 921 ||| DROPPING scroll of butterflies.
  1139 | D:2      | 1139 ||| FLEEEEING.
  1140 | D:2      | 1140 ||| FLEEEEING.
  1494 | D:2      | 1494 ||| READING scroll labelled QAJEAF LE GIO.
  1529 | D:2      | 1529 ||| READING scroll labelled JOACAXZU SEUN.
  1530 | D:2      | 1530 ||| READING scroll labelled FEFRUN BUEGRUX.
  1531 | D:2      | 1531 ||| DRINKING 2 amethyst potions.
  1682 | D:3      | Reached skill level 5 in Ranged Weapons
  1683 | D:3      | Reached XP level 4. HP: 17/22 MP: 5/5
  1737 | D:3      | Found a hide-covered altar of Uskayaw.
  1801 | D:3      | Found a blossoming altar of Fedhas.
  1803 | D:3      | Found a glowing golden altar of the Shining One.
  1805 | D:3      | Found a glowing silver altar of Zin.
  1805 | D:3      | Found an ornate altar of the Wu Jian Council.
  1806 | D:3      | Found a hazy altar of Hepliaklqana.
  1806 | D:3      | Found a shadowy altar of Dithmenos.
  1806 | D:3      | Found an opulent altar of Gozag.
  1806 | D:3      | Found a shimmering blue altar of Sif Muna.
  2126 | D:3      | 2126 ||| READING scroll of identify.
  2126 | D:3      | 2126 ||| IDENTIFYING grey potion
  2127 | D:3      | 2127 ||| READING scroll labelled OKKERHA VUSCH.
  2169 | D:4      | Reached XP level 5. HP: 22/26 MP: 6/6
  2170 | D:4      | 2170 ||| FLEEEEING.
  2175 | D:4      | 2175 ||| FLEEEEING.
  2358 | D:4      | HP: 6/26 [poisoned by a scorpion]
  2359 | D:4      | 2359 ||| READING 2 scrolls of teleportation.
  2359 | D:4      | HP: 2/26 [poisoned by a scorpion]
  2360 | D:4      | 2360 ||| DRINKING potion of heal wounds.
  2436 | D:4      | Identified the +5 ring mail "Kitum" {rElec Str-3 Dex+5}
  2514 | D:4      | Reached skill level 6 in Ranged Weapons
  2526 | D:4      | 2526 ||| DRINKING potion of cancellation.
  2541 | D:4      | Reached XP level 6. HP: 30/30 MP: 7/7
  2607 | D:4      | Found a white marble altar of Elyvilon.
  2737 | D:4      | 2737 ||| UPGRADING to +2 cloak.
  2742 | D:4      | 2742 ||| READING scroll of identify.
  2742 | D:4      | 2742 ||| IDENTIFYING lumpy golden potion
  2743 | D:4      | 2743 ||| READING scroll labelled HYPLAT KINO.
  2774 | D:5      | Entered Level 5 of the Dungeon
  2775 | D:5      | 2775 ||| PLANNING SEWER
  2780 | D:5      | 2780 ||| STAIRDANCE
  2783 | D:4      | Reached skill level 6 in Dodging
  2915 | D:5      | Found a staircase to the Ecumenical Temple.
  2958 | D:5      | Noticed a water moccasin
  2966 | D:5      | Killed a water moccasin
  3082 | D:5      | Reached skill level 7 in Ranged Weapons
  3082 | D:5      | Reached XP level 7. HP: 35/35 MP: 8/8
  3147 | D:5      | Killed from afar by an orc priest

Levels and vault maps discovered:
D:1:      dpeg_arrival_signposts, layout_loops_corners, minmay_split_cup_small
D:2:      layout_basic
D:3:      layout_loops_ring, mainiacjoe_overflow_cross_hatched,
          grunt_temple_overflow_open, minmay_misc_feat_doors
D:4:      layout_loops_cross, general_overflow_altar
D:5:      layout_loops_ring, temple_hall, cheibrodos_sewer_entry_bend,
          st_stairs_9, kennysheep_generic_room_5

Skill      XL: |  1  2  3  4  5  6 |
---------------+-------------------+-----
Dodging        | 3 4 5 6 |  6.7
Ranged Weapons | 5 6 7 |  7.1
Fighting       | 2 |  2.1
Stealth        | |  1.5

Action                     |  1- 3 |  4- 6 |  7- 9 || total
---------------------------+-------+-------+-------++-------
   Fire: Shortbow          |   103 |   128 |    16 ||   247
    Use: Scroll            |     5 |     5 |       ||    10
         Potion            |     1 |     2 |       ||     3
 Armour: Robe              |    12 |    18 |     1 ||    31
  Dodge: Dodged            |    26 |    52 |     5 ||    83

Table legend:
 A = Non-vault XP
 B = Vault XP
 C = Vault XP percentage of total XP
 D = Non-vault monster count
 E = Vault monster count
 F = Vault count percentage of total count
                 A         B        C        D         E       F
            +---------+---------+-------+---------+---------+-------
      Total |     706 |     148 |  17.3 |      73 |       5 |   6.4
            +---------+---------+-------+---------+---------+-------
        D:1 |      41 |       4 |   8.9 |      21 |       3 |  12.5
        D:2 |      35 |       0 |   0.0 |      13 |       0 |   0.0
        D:3 |      60 |       0 |   0.0 |       8 |       0 |   0.0
        D:4 |     321 |       0 |   0.0 |      24 |       0 |   0.0
        D:5 |     249 |     144 |  36.6 |       7 |       2 |  22.2
            +---------+---------+-------+---------+---------+-------
